 Dungeon Crawl Stone Soup version 0.30-a0-1161-g0704695555 (webtiles) character file.

Game seed: 17596427904766033043

70 retardedninja the Firebug (level 4, -1/32 HPs)
             Began as a Gnoll Fire Elementalist on Apr 27, 2023.
             Slain by a goblin
             ... wielding a +0 dagger
             ... led by Robin
              (5 damage)
             ... on level 2 of the Dungeon.
             The game lasted 00:02:08 (1674 turns).

retardedninja the Firebug (Gnoll Fire Elementalist) Turns: 1674, Time: 00:02:08

Health: -1/32      AC:  2    Str:  7    XL:     4   Next: 22%
Magic:  9/11       EV: 13    Int: 17    God:
Gold:   63         SH:  0    Dex: 12    Spells: 12/13 levels left

rFire   . .          .
                       - Unarmed
rCold   . . .        (no shield)
rNeg    . . .        a - +0 robe
rPois   .            (no helmet)
rElec   .            (no cloak)
rCorr   .            (no gloves)
SInv    .            (no boots)
Will    .....        h - amulet of magic regeneration
Stlth   ++           (no ring)
HPRegen 0.25/turn    (no ring)
MPRegen 0.52/turn

%: no passive effects
@: no status effects
A: fangs 1, strong nose, distributed training
a: no special abilities


You were on level 2 of the Dungeon.
You visited 1 branch of the dungeon, and saw 2 of its levels.

You collected 63 gold pieces.

Inventory:

Armour
 a - a +0 robe (worn)
Jewellery
 h - an amulet of magic regeneration (around neck)
Scrolls
 c - a scroll of magic mapping {unknown}
Potions
 b - a potion of magic
 d - 2 potions of attraction {unknown}
 f - a potion of resistance {unknown}
 g - a potion of mutation {unknown}
 i - a potion of brilliance {unknown}


   Skills:
 + Level 1.1 Fighting
 + Level 1.1 Short Blades
 + Level 1.1 Long Blades
 + Level 1.1 Axes
 + Level 1.1 Maces & Flails
 + Level 1.1 Polearms
 + Level 1.1 Staves
 + Level 1.1 Ranged Weapons
 + Level 1.1 Throwing
 + Level 1.1 Armour
 + Level 4.6 Dodging
 + Level 4.2 Stealth
 + Level 1.1 Shields
 + Level 1.1 Unarmed Combat
 + Level 5.1 Spellcasting
 + Level 2.2 Conjurations
 + Level 0.9 Hexes
 + Level 0.9 Summonings
 + Level 0.9 Necromancy
 + Level 0.9 Translocations
 + Level 0.9 Transmutations
 + Level 5.4 Fire Magic
 + Level 0.9 Ice Magic
 + Level 0.9 Air Magic
 + Level 0.9 Earth Magic
 + Level 0.9 Poison Magic
 + Level 1.2 Invocations
 + Level 1.1 Evocations


You had 12 spell levels left.
You knew the following spells:

 Your Spells              Type           Power      Damage    Failure   Level
a - Foxfire               Conj/Fire      68%        2x1d7     3%          1

Your spell library contained the following spells:

 Spells                   Type           Power      Damage    Failure   Level
 Scorch                   Fire           46%        2d6       2%          2
 Inner Flame              Hex/Fire       15%        N/A       12%         3
 Volatile Blastmotes      Fire/Tloc      30%        2d12      12%         3
 Blink                    Tloc           14%        N/A       14%         2
 Flame Wave               Conj/Fire      17%        2d7       28%         4
 Manifold Assault         Tloc           7%         N/A       67%         4
 Dispersal                Tloc           3%         N/A       100%        6
 Storm Form               Tmut/Air       3%         N/A       100%        7
 Disjunction              Tloc           3%         N/A       100%        8


Dungeon Overview and Level Annotations

Branches:
Dungeon (2/15)

Altars:

Annotations:
D:2 Robin


Innate Abilities, Weirdness & Mutations

You have very sharp teeth.
Your uncanny sense of smell can sniff out nearby items.
Your experience applies equally to all skills.


Message History

Casting: Foxfire (safe; 3% risk of failure)
Press: ? - help, Q - select action Dir - look around, f - activate You conjure some foxfire!
The foxfire hits the goblin.
You kill the goblin!
The goblin closely misses you. The goblin misses you.
Casting: Foxfire (safe; 3% risk of failure)
Press: ? - help, Q - select action Dir - look around, f - activate You conjure some foxfire!
The foxfire hits Robin.
Robin is lightly wounded.
The foxfire hits Robin but does no damage.
Robin is lightly wounded.
The goblin hits you with a +0 dagger. Robin closely misses you.
The goblin hits you with a +0 dagger.
The foxfire hits Robin but does no damage.
Robin is lightly wounded.
The foxfire hits Robin but does no damage.
Robin is lightly wounded.
The goblin misses you. The goblin barely misses you.
Robin throws the goblin at you!
* * * LOW HITPOINT WARNING * * *
The goblin hits you with a +0 dagger.
* * * LOW HITPOINT WARNING * * *
The goblin closely misses you. Robin misses you.
Casting: Foxfire (safe; 3% risk of failure)
Press: ? - help, Q - select action Dir - look around, f - activate You conjure some foxfire!
The goblin no longer looks unusually strong.
The goblin closely misses you. The goblin hits you with a +0 dagger.
* * * LOW HITPOINT WARNING * * *
Robin says, "My goblins will feast on your bones."
Robin throws the goblin at you!
* * * LOW HITPOINT WARNING * * *
The foxfire hits the goblin.
You kill the goblin!
The foxfire hits Robin.
Robin is moderately wounded.
Robin misses you. The goblin hits you with a +0 dagger.
You die...

##.#...)PP..P.._
#.#†....PP⌠..### ∆
##....."P.P.....# .
..........P...P..# ..
..........P.....###...
#.....................
#.......##.P..........
#.......##...g))...#..
.......#....)@).....#
......#....)g>...###
#.............?$..#
#.............$....#
.#.#..:..........
.......$........
#(#.....!......
#...#$.........


You could see Robin and a goblin (strong).

Vanquished Creatures
  An adder (D:2)
  4 dart slugs
  2 ball pythons (D:1)
  6 bats (D:1)
  3 endoplasms (D:1)
  12 goblins
  5 hobgoblins
  3 jackals (D:1)
  A quokka (D:1)
  4 frilled lizards (D:1)
  3 kobolds (D:1)
  6 rats
50 creatures vanquished.

Vanquished Creatures (collateral kills)
  11 foxfires (D:2)
11 creatures vanquished.

Vanquished Creatures (others)
  182 foxfires
  3 plants (D:2)
185 creatures vanquished.

Grand Total: 246 creatures vanquished

Notes
Turn   | Place    | Note
-------+----------+-------------------------------------------
     0 | D:1      | retardedninja the Gnoll Fire Elementalist began the quest
                  | for the Orb.
     0 | D:1      | Reached XP level 1. HP: 13/13 MP: 6/6
   161 | D:1      | Reached XP level 2. HP: 19/19 MP: 4/7
   681 | D:1      | Reached skill level 5 in Spellcasting
   681 | D:1      | Reached XP level 3. HP: 25/25 MP: 3/9
   898 | D:1      | Reached skill level 1 in Invocations
  1535 | D:2      | Reached skill level 1 in Fighting
  1535 | D:2      | Reached skill level 1 in Short Blades
  1535 | D:2      | Reached skill level 1 in Long Blades
  1535 | D:2      | Reached skill level 1 in Axes
  1535 | D:2      | Reached skill level 1 in Maces & Flails
  1535 | D:2      | Reached skill level 1 in Polearms
  1535 | D:2      | Reached skill level 1 in Staves
  1535 | D:2      | Reached skill level 1 in Ranged Weapons
  1535 | D:2      | Reached skill level 1 in Throwing
  1535 | D:2      | Reached skill level 1 in Armour
  1535 | D:2      | Reached skill level 1 in Shields
  1535 | D:2      | Reached skill level 1 in Unarmed Combat
  1535 | D:2      | Reached skill level 1 in Evocations
  1628 | D:2      | Found a faded altar of an unknown god.
  1659 | D:2      | Reached XP level 4. HP: 24/32 MP: 9/11
  1659 | D:2      | Noticed Robin
  1674 | D:2      | Slain by a goblin

Illustrated notes

Levels and vault maps discovered:
D:1:      ebering_trefoil_twist, layout_loops_cross
D:2:      layout_rooms, basic_altar, shapermc_ecumenical_altar_mp_ritualfount,
          uniq_robin

Skill      XL: |  1  2  3 |
---------------+----------+-----
Conjurations   | 2 |  2.2
Spellcasting   | 5 |  5.1
Invocations    | 1 |  1.2
Fighting       | 1 |  1.1
Short Blades   | 1 |  1.1
Long Blades    | 1 |  1.1
Axes           | 1 |  1.1
Maces & Flails | 1 |  1.1
Polearms       | 1 |  1.1
Staves         | 1 |  1.1
Ranged Weapons | 1 |  1.1
Throwing       | 1 |  1.1
Armour         | 1 |  1.1
Shields        | 1 |  1.1
Unarmed Combat | 1 |  1.1
Evocations     | 1 |  1.1
Dodging        | |  4.6
Stealth        | |  4.2
Hexes          | |  0.9
Summonings     | |  0.9
Necromancy     | |  0.9
Translocations | |  0.9
Transmutations | |  0.9
Fire Magic     | |  5.4
Ice Magic      | |  0.9
Air Magic      | |  0.9
Earth Magic    | |  0.9
Poison Magic   | |  0.9

Action                     |  1- 3 |  4- 6 || total
---------------------------+-------+-------++-------
  Melee: Unarmed           |    28 |       ||    28
   Cast: Foxfire           |   106 |     9 ||   115
 Armour: Robe              |     6 |     2 ||     8
  Dodge: Dodged            |    30 |    23 ||    53

Table legend: (Time is in decaauts)
 A = Elapsed time spent in this place.
 B = Non-inter-level travel time spent in this place.
 C = Inter-level travel time spent in this place.
 D = Time resting spent in this place.
 E = Time spent auto-exploring this place.
 F = Levels seen in this place.
 G = Mean time per level.
                   A        B        C        D        E       F      G
               +--------+--------+--------+--------+--------+-----+--------+
         Total |   1673 |   1653 |     20 |      0 |   1304 |   2 |  836.5 |
       Dungeon |   1673 |   1653 |     20 |      0 |   1304 |   2 |  836.5 |
               +--------+--------+--------+--------+--------+-----+--------+

Top non-repeatable levels by time:
     D:1: 1431 daAuts
     D:2: 241 daAuts
